 Dungeon Crawl Stone Soup version 0.21.1-1-g345015f (webtiles) character file.

10296 vatarom the Arsonist (level 11, -2/61 HPs)
             Began as a Deep Elf Fire Elementalist on Mar 18, 2018.
             Was an Elder of Vehumet.
             Slain by a white ugly thing (18 damage)
             ... on level 10 of the Dungeon.
             The game lasted 00:30:52 (11455 turns).

vatarom the Arsonist (Deep Elf Fire Elementalist)  Turns: 11455, Time: 00:30:53

Health: -2/61      AC:  7    Str:  7    XL:     11   Next: 34%
Magic:  48/52      EV: 18    Int: 22    God:    Vehumet [****..]
Gold:   615        SH:  0    Dex: 15    Spells: 6/32 levels left

rFire    . . .     SeeInvis .   m - staff of power
rCold    . . .     Gourm    .   (no shield)
rNeg     + . .     Faith    .   G - +0 steam dragon scales
rPois    .         Spirit   .   (no helmet)
rElec    .         Reflect  .   H - +0 cloak
rCorr    .         Harm     .   D - +0 pair of gloves
MR       +....                  (no boots)
Stlth    ++........             (no amulet)
HPRegen  0.20/turn              B - ring "Ahixat" {rN+ MP+9}
MPRegen  0.33/turn              a - ring of flight

@: no status effects
A: no striking features
a: Renounce Religion, Evoke Flight


You were on level 10 of the Dungeon.
You worshipped Vehumet.
Vehumet was greatly pleased with you.
You were not hungry.

You visited 2 branches of the dungeon, and saw 12 of its levels.
You also visited: Sewer.

You collected 615 gold pieces.

Inventory:

Hand Weapons
 o - a +0 blowgun
 E - a +0 halberd
Missiles
 q - 35 poisoned needles
 v - 170 stones (quivered)
Armour
 D - a +0 pair of gloves (worn)
 G - +0 steam dragon scales (worn)
 H - a +0 cloak (worn)
Magical Staves
 m - an uncursed staff of power (weapon)
Jewellery
 a - a ring of flight (right hand)
 B - the ring "Ahixat" (left hand) {rN+ MP+9}
   (You found it on level 5 of the Dungeon)

   [ring of magical power]

   It protects you from negative energy.
   It affects your magic capacity (+9).
 F - an uncursed ring of resist corrosion
 I - an uncursed amulet of guardian spirit {unknown}
 J - an uncursed amulet of harm {unknown}
Wands
 f - a wand of polymorph (17)
 s - a wand of random effects (12)
 y - a wand of paralysis (16)
 C - a wand of enslavement (8)
Scrolls
 d - 7 scrolls of teleportation
 g - 2 scrolls of fog
 h - 2 scrolls of remove curse
 j - 2 scrolls of blinking
 l - 3 scrolls of identify
 p - 3 scrolls of amnesia
 u - 2 scrolls of enchant armour
 z - a scroll of noise
Potions
 e - 2 potions of cancellation
 i - 3 potions of flight
 k - a potion of heal wounds {unknown}
 n - 2 potions of haste
 r - 4 potions of curing
 t - a potion of brilliance
 w - 3 potions of might
 x - a potion of mutation {unknown}
 A - a potion of agility
Books
 b - a book of Flames

   Spells                             Type                      Level
   a - Flame Tongue                   Conjuration/Fire             1
   b - Throw Flame                    Conjuration/Fire             2
   c - Conjure Flame                  Conjuration/Fire             3
   d - Inner Flame                    Hexes/Fire                   3
   e - Sticky Flame                   Conjuration/Fire             4
   f - Fireball                       Conjuration/Fire             5
Comestibles
 c - 31 rations
 K - a chunk of flesh


   Skills:
 - Level 4.0 Fighting
 - Level 9.2 Dodging
 - Level 2.4 Stealth
 + Level 11.3 Spellcasting
 + Level 9.3 Conjurations
 + Level 11.3 Fire Magic


You had 6 spell levels left.
You knew the following spells:

 Your Spells              Type           Power        Failure   Level  Hunger
a - Flame Tongue          Conj/Fire      #####        1%          1    None
b - Throw Flame           Conj/Fire      ######       1%          2    None
c - Conjure Flame         Conj/Fire      ######..     1%          3    None
d - Sticky Flame          Conj/Fire      ######..     1%          4    None
e - Fireball              Conj/Fire      ######....   1%          5    ####...
f - Sandblast             Erth           ##....       1%          1    None
g - Inner Flame           Hex/Fire       #####...     1%          3    None
h - Stone Arrow           Conj/Erth      ####..       1%          3    None
i - Fulminant Prism       Conj/Hex       ####......   2%          4    None


Dungeon Overview and Level Annotations

Branches:
Dungeon (11/15)            Temple (1/1) D:5             Orc (0/2) D:10
   Lair: D:8-11

Altars:
Ashenzari
Cheibriados
Dithmenos
Elyvilon
Fedhas
Gozag
Hepliaklqana
Kikubaaqudgha
Makhleb
Nemelex Xobeh
Okawaru
Qazlal
Ru
Sif Muna
Trog
Uskayaw
Vehumet
Wu Jian
Xom
Yredelemnul
Zin
The Shining One
Beogh


Message History

The sticky flame hits the white ugly thing.
The white ugly thing is lightly wounded.
The white ugly thing is covered in liquid flames!
The white ugly thing burns!
The white ugly thing is engulfed in blazing flames.
The white ugly thing kicks you! The white ugly thing freezes you!!
The white ugly thing burns!
The white ugly thing is engulfed in blazing flames.
The white ugly thing misses you.
You climb upwards.
There is a stone staircase leading down here.
Unknown command.
The white ugly thing burns!
The white ugly thing burns!
The white ugly thing burns!
The white ugly thing burns!
The white ugly thing burns!
The white ugly thing kicks you!
* * * LOW HITPOINT WARNING * * *
The white ugly thing freezes you!!
You die...

#.##########)..########..########
#................................
#............########............
#.)..........# #..##########
#..<.........# #..#
#............# #..#
.............########..##########
.....................>...........
................@u...............
...........#########..###########
......................###########
.................................
....#############.###############
....# #.# ....# #.# ....# #.#
##### ###


You could see a white ugly thing (burning).

Vanquished Creatures
  A hydra (D:8)
  2 two-headed ogres (D:10)
  A gargoyle (D:10)
  A hornet (D:9)
  2 dream sheep (D:8)
  A hippogriff (D:10)
  7 yaks
  A steam dragon (D:9)
  The ghost of Mgcat the Insei, an amateur GnTm of Jiyva (D:5)
  Menkaure (D:6)
  Edmund (D:6)
  Duvessa (D:7)
  4 wargs (D:10)
  2 black bears
  5 orc warriors
  2 ice beasts
  4 sky beasts
  5 ogres
  2 phantoms
  A crocodile (D:9)
  7 big kobolds
  2 bullfrogs (D:10)
  2 gnoll sergeants
  Dowan (D:7)
  A scorpion (D:8)
  6 killer bees (D:8)
  9 wights
  A centaur zombie (D:8)
  5 crimson imps
  3 jellies
  A bullfrog zombie (D:5)
  7 hounds
  2 quasits
  6 orc priests
  A bullfrog skeleton (D:10)
  19 orc wizards
  A centaur skeleton (D:10)
  4 worker ants
  2 hound skeletons
  2 worker ant zombies
  10 gnolls
  10 adders
  2 river rats (Sewer)
  3 shadow imps
  An ooze (D:2)
  2 adder zombies
  An adder skeleton (D:4)
  A worm (D:3)
  2 dart slugs
  4 leopard geckos
  52 orcs
  A ball python (D:8)
  6 giant cockroaches
  6 goblins
  8 hobgoblins
  15 jackals
  25 kobolds
  9 quokkas
  8 bats
  2 frilled lizards (D:1)
  13 rats
308 creatures vanquished.

Vanquished Creatures (collateral kills)
  An orc (D:9)
1 creature vanquished.

Vanquished Creatures (others)
  A centaur (D:9)
  11 fulminant prisms
12 creatures vanquished.

Grand Total: 321 creatures vanquished

Notes
Turn   | Place    | Note
-------+----------+-------------------------------------------
     0 | D:1      | vatarom the Deep Elf Fire Elementalist began the quest for the Orb.
     0 | D:1      | Reached XP level 1. HP: 10/10 MP: 6/6
   159 | D:1      | Reached XP level 2. HP: 16/16 MP: 6/8
   424 | D:1      | Reached skill level 1 in Fighting
   436 | D:1      | Learned a level 2 spell: Throw Flame
   863 | D:1      | Reached XP level 3. HP: 16/20 MP: 6/9
   887 | D:1      | Learned a level 3 spell: Conjure Flame
  1285 | D:2      | Reached XP level 4. HP: 26/26 MP: 6/11
  1330 | D:2      | Learned a level 4 spell: Sticky Flame
  1861 | D:3      | Reached XP level 5. HP: 31/31 MP: 13/13
  2096 | D:3      | Found a glowing drain.
  2183 | Sewer    | Entered a sewer
  2434 | Sewer    | Found a white marble altar of Elyvilon.
  2623 | D:4      | Reached XP level 6. HP: 33/37 MP: 14/14
  3150 | D:4      | Reached skill level 5 in Spellcasting
  3680 | D:5      | Entered Level 5 of the Dungeon
  3680 | D:5      | Noticed a sky beast
  3685 | D:5      | Killed a sky beast
  3685 | D:5      | Reached skill level 5 in Fire Magic
  3685 | D:5      | Reached XP level 7. HP: 31/42 MP: 16/16
  3907 | D:5      | Found a staircase to the Ecumenical Temple.
  3916 | Temple   | Entered the Ecumenical Temple
  4045 | Temple   | Became a worshipper of Vehumet
  4231 | D:5      | Learned a level 5 spell: Fireball
  4817 | D:5      | Reached XP level 8. HP: 48/48 MP: 19/19
  4913 | D:5      | Got a fine golden ring
  4914 | D:5      | Identified the ring "Ahixat" {rN+ MP+9} (You found it on level 5 of the Dungeon)
  5038 | D:5      | Noticed Mgcat's ghost (amateur GnTm)
  5057 | D:5      | Killed Mgcat's ghost
  5178 | D:6      | Noticed Edmund
  5191 | D:6      | Killed Edmund
  5191 | D:6      | Reached skill level 5 in Conjurations
  5338 | D:6      | Reached * piety under Vehumet
  5338 | D:6      | Offered knowledge of Sting by Vehumet.
  5599 | D:6      | Noticed Menkaure
  5603 | D:6      | Killed Menkaure
  6148 | D:7      | Reached XP level 9. HP: 35/52 MP: 22/22
  6512 | D:7      | Noticed Dowan
  6536 | D:7      | Noticed Duvessa
  6540 | D:7      | Killed Dowan
  6553 | D:7      | Killed Duvessa
  6964 | D:8      | Offered knowledge of Sandblast by Vehumet.
  6992 | D:8      | Learned a level 1 spell: Sandblast
  7322 | D:8      | Reached ** piety under Vehumet
  7698 | D:8      | Reached skill level 5 in Dodging
  7966 | D:8      | Reached skill level 10 in Fire Magic
  7966 | D:8      | Reached XP level 10. HP: 53/56 MP: 25/25
  7982 | D:8      | Learned a level 3 spell: Inner Flame
  8145 | D:8      | Noticed a three-headed hydra
  8155 | D:8      | Killed a three-headed hydra
  8488 | D:8      | Offered knowledge of Stone Arrow by Vehumet.
  8495 | D:8      | Learned a level 3 spell: Stone Arrow
  8498 | D:8      | Found a roughly hewn altar of Beogh.
  9071 | D:9      | Reached *** piety under Vehumet
  9071 | D:9      | Reached skill level 10 in Spellcasting
  9179 | D:9      | Found an ancient bone altar of Kikubaaqudgha.
  9312 | D:9      | Offered knowledge of Fulminant Prism by Vehumet.
  9364 | D:9      | You fall through a shaft for 2 floors!
  9374 | D:10     | Entered Level 10 of the Dungeon
  9405 | D:10     | Learned a level 4 spell: Fulminant Prism
  9499 | D:10     | Noticed a gargoyle
  9538 | D:9      | HP: 1/56 [steam dragon/ball of steam (24)]
 10087 | D:10     | Reached **** piety under Vehumet
 10406 | D:10     | Killed a gargoyle
 10406 | D:10     | Reached XP level 11. HP: 38/61 MP: 27/27
 10424 | D:10     | Offered knowledge of Yara's Violent Unravelling by Vehumet.
 10427 | D:10     | Noticed a two-headed ogre
 10439 | D:10     | Killed a two-headed ogre
 11275 | D:10     | Found a staircase to the Orcish Mines.
 11320 | D:10     | Noticed a two-headed ogre
 11328 | D:10     | Killed a two-headed ogre
 11442 | D:11     | Noticed a white ugly thing
 11455 | D:10     | Slain by a white ugly thing

Skill      XL: |  1  2  3  4  5  6  7  8  9 10 11 |
---------------+----------------------------------+-----
Fighting       | 1 2 3 4 |  4.0
Conjurations   | 2 3 4 6 7 8 9 |  9.3
Spellcasting   | 4 5 6 7 9 10 11 | 11.3
Fire Magic     | 4 5 6 8 10 11 | 11.3
Dodging        | 5 8 9 |  9.2
Stealth        | |  2.4

Action                   |  1- 3 |  4- 6 |  7- 9 | 10-12 || total
-------------------------+-------+-------+-------+-------++-------
Melee: Whip              |     7 |     6 |    31 |       ||    44
       Short sword       |     1 |       |       |       ||     1
       Staff             |       |       |    44 |     5 ||    49
 Fire: Blowgun           |       |       |     5 |       ||     5
 Cast: Flame Tongue      |    43 |    87 |    77 |    61 ||   268
       Throw Flame       |    17 |    20 |   139 |   114 ||   290
       Sticky Flame      |       |     8 |    12 |    28 ||    48
       Conjure Flame     |       |     2 |    11 |    10 ||    23
       Fireball          |       |       |    14 |    23 ||    37
       Sandblast         |       |       |     8 |       ||     8
       Fulminant Prism   |       |       |       |    11 ||    11
       Inner Flame       |       |       |       |     5 ||     5
Evoke: Wand              |       |       |     8 |     1 ||     9
  Use: Scroll            |     4 |       |    10 |     5 ||    19
       Potion            |     4 |     2 |     2 |       ||     8
 Stab: Paralysed         |       |       |     8 |       ||     8
  Eat: Chunk             |     2 |     5 |     4 |    10 ||    21
       Ration            |       |     1 |     5 |     1 ||     7
Armor: Robe              |     6 |     6 |    16 |    10 ||    38
       Steam dragon scal |       |       |       |     9 ||     9
Dodge: Dodged            |    17 |    33 |    72 |    83 ||   205
